 Dungeon Crawl Stone Soup version 0.24.0-13-gcf9b319 (webtiles) character file.

Game seed: 4904219426469986857, levelgen mode: deterministic

36117 Fang the Blocker (level 13, -6/132 HPs)
             Began as a Gargoyle Fighter on Dec 17, 2019.
             Was a High Priest of Trog.
             Killed by divine providence
             ... invoked by a meliai
              (13 damage)
             ... on level 4 of the Lair of Beasts on Dec 18, 2019.
             The game lasted 00:16:32 (14146 turns).

Fang the Blocker (Gargoyle Fighter)                Turns: 14146, Time: 00:16:33

Health: -6/132     AC: 32    Str: 31    XL:     13   Next: 88%
Magic:  13/13      EV:  6    Int:  8    God:    Trog [*****.]
Gold:   1099       SH: 24    Dex:  9    Spells: 12/12 levels left

rFire    . . .     SeeInvis +   a - +1 broad axe (venom)
rCold    . . .     Gourm    .   B - +0 large shield
rNeg     + . .     Faith    .   b - +3 plate armour
rPois    ∞         Spirit   .   (no helmet)
rElec    +         Reflect  +   (no cloak)
rCorr    .         Harm     .   s - +2 pair of gloves
MR       +....                  (no boots)
Stlth    ..........             r - +4 amulet of reflection
HPRegen  0.32/turn              k - ring of protection from magic
MPRegen  0.13/turn              u - ring of see invisible

@: berserking (expiring), very quick
A: negative energy resistance 1, electricity resistance, unbreathing,
petrification resistance, rot immunity, AC +9
a: Berserk, Trog's Hand, Brothers in Arms, Renounce Religion


You were on level 4 of the Lair of Beasts.
You worshipped Trog.
Trog was extremely pleased with you.
You were near starving.

You visited 3 branches of the dungeon, and saw 17 of its levels.
You also visited: Sewer.

You collected 1099 gold pieces.

Inventory:

Hand Weapons
 a - a +1 broad axe of venom (weapon)
 A - a +1 vampiric war axe
Armour
 b - a +3 plate armour (worn)
 s - a +2 pair of gloves (worn)
 B - a +0 large shield (worn)
Jewellery
 k - a ring of protection from magic (left hand)
 r - a +4 amulet of reflection (around neck)
 t - a cursed amulet of inaccuracy {unknown}
 u - a ring of see invisible (right hand)
 E - an uncursed amulet of the gourmand {unknown}
Wands
 e - a wand of flame (19)
 m - a wand of acid (9)
 o - a wand of scattershot (5)
 q - a wand of digging (7)
 y - a wand of enslavement (7)
 z - a wand of polymorph (7)
 C - a wand of random effects (10)
Scrolls
 g - 11 scrolls of identify
 h - 2 scrolls of remove curse
 p - 2 scrolls of blinking
 v - 9 scrolls of teleportation
 x - a scroll of fear
Potions
 d - 8 potions of might
 f - 6 potions of flight
 i - 8 potions of curing
 j - a potion of haste
 l - 2 potions of heal wounds
 n - 2 potions of mutation
 w - a potion of resistance
Comestibles
 c - 24 rations


   Skills:
 + Level 13.0 Fighting
 + Level 11.0 Axes
 + Level 13.0 Armour
 + Level 13.0 Shields


You had 12 spell levels left.
You didn't know any spells.
Your spell library contained the following spells:

 Spells                   Type           Power        Failure   Level  Hunger
 Animate Skeleton         Necr           N/A          100%        1    ##.....
 Corona                   Hex            #......      100%        1    ##.....
 Pain                     Necr           #...         100%        1    ##.....
 Ensorcelled Hibernation  Hex/Ice        #.....       100%        2    ###....
 Confuse                  Hex            #.......     100%        3    ####...
 Dazzling Spray           Conj/Hex       #.....       100%        3    ####...
 Regeneration             Chrm/Necr      #.........   100%        3    ####...
 Tukima's Dance           Hex            #.......     100%        3    ####...
 Vampiric Draining        Necr           #.........   100%        3    ####...
 Animate Dead             Necr           N/A          100%        4    #####..


Dungeon Overview and Level Annotations

Branches:
Dungeon (11/15)            Temple (1/1) D:7            Lair (5/6) D:10
  Swamp (0/4) Lair:3       Spider (0/4) Lair:3        Sewer (visited)
  Slime: Lair:5-6       Orc: D:9-12

Altars:
Ashenzari
Cheibriados
Dithmenos
Elyvilon
Fedhas
Gozag
Hepliaklqana
Kikubaaqudgha
Makhleb
Nemelex Xobeh
Okawaru
Qazlal
Trog
Vehumet
Wu Jian
The Shining One

Shops:
D:7 *

Annotations:
D:5 2 transporters
Lair:4 exclusion: 4 oklob plants


Innate Abilities, Weirdness & Mutations

You are resistant to torment.
Your stone body is resilient. (AC +9)
You are immune to poison.
You resist negative energy. (rN+)
You are resistant to electric shocks. (rElec)
You can survive without breathing.
You are immune to petrification.
You are immune to rotting.


Message History

The meliai calls down the wrath of its god upon you.
Something smites you!
* * * LOW HITPOINT WARNING * * *
You hit the killer bee.
The killer bee is poisoned.
The killer bee is lightly wounded.
You miss the meliai. You slice the killer bee!!
You kill the killer bee!
Trog accepts your kill.
The killer bee barely misses you. x2; You block the meliai's attack. x2
The meliai hits you but does no damage. The meliai barely misses you.
You block the meliai's attack. x2
The killer bee stings you but does no damage.
You feel a strong urge to attack something.
The meliai calls upon its god to heal the killer bee.
The killer bee is healed somewhat.
You block the killer bee's attack. You block the meliai's attack.
The meliai stings you but does no damage.
The meliai mumbles some strange prayers to its god against you.
Something smites you!
You die...

..............#..##
.................#
..P#..####..####.#
...#### #### #..#
...# ####.# ..##
#....# .## ##....#
. #.....# . #P...@#
#....y### ##..yy..#
#...y.## ####yy#
#.y# ..## .#.#
..###


You could see 3 meliai and 4 killer bees.

Vanquished Creatures
  3 hydras
  A catoblepas (Lair:1)
  Erica (D:10)
  4 two-headed ogres
  Pikel (D:8)
  A cyclops (D:11)
  A manticore (D:11)
  A black mamba (Lair:1)
  4 elephants (Lair:5)
  9 spiny frogs
  3 komodo dragons
  A kobold demonologist (D:11)
  2 rime drakes
  A troll (D:9)
  2 polar bears
  A queen bee (Lair:4)
  Prince Ribbit (D:8)
  4 blink frogs (Lair:4)
  6 dream sheep (Lair:4)
  7 hippogriffs
  52 yaks
  4 wyverns
  2 basilisks
  Eustachio (D:5)
  2 soldier ants (D:11)
  4 swamp worms (Lair:3)
  10 water moccasins
  10 porcupines
  4 ice beasts
  3 sky beasts
  5 ogres
  2 slaves (D:8)
  A phantom (D:7)
  3 orc warriors
  A necrophage (D:8)
  5 wolves (Lair:2)
  6 centaurs
  13 crocodiles
  A big kobold (Sewer)
  9 bullfrogs
  2 gnoll sergeants
  5 scorpions
  12 killer bees (Lair:4)
  A wight (D:8)
  A howler monkey (D:7)
  2 electric eels
  4 crimson imps
  3 bullfrog zombies
  2 centaur zombies
  A quasit (D:9)
  12 hounds
  2 orc priests (D:8)
  A bullfrog skeleton (D:4)
  2 centaur skeletons
  5 orc wizards
  2 iguanas
  A gnoll shaman (D:10)
  13 worker ants
  6 hell rats (Lair:5)
  2 hound skeletons
  A howler monkey zombie (D:7)
  A worker ant zombie (D:11)
  25 gnolls
  11 adders
  A river rat (Sewer)
  3 oozes
  An adder zombie (D:5)
  An adder skeleton (D:8)
  5 worms
  A dart slug (D:1)
  11 leopard geckos
  31 orcs
  6 ball pythons
  6 bats
  7 giant cockroaches
  4 hobgoblins
  10 jackals
  2 quokkas
  5 frilled lizards
  13 goblins
  18 kobolds
  A leopard gecko skeleton (D:4)
  10 rats
  4 fungi
  2 plants
451 creatures vanquished.

Vanquished Creatures (collateral kills)
  2 hydras
2 creatures vanquished.

Vanquished Creatures (others)
  2 slaves (D:8)
  3 centaurs (Lair:5)
  5 fungi
10 creatures vanquished.

Grand Total: 463 creatures vanquished

Notes
Turn   | Place    | Note
-------+----------+-------------------------------------------
     0 | D:1      | Fang the Gargoyle Fighter began the quest for the Orb.
     0 | D:1      | Reached XP level 1. HP: 14/14 MP: 1/1
   157 | D:1      | Reached XP level 2. HP: 19/19 MP: 2/2
   267 | D:1      | Reached XP level 3. HP: 22/23 MP: 3/3
   881 | D:2      | Reached XP level 4. HP: 29/29 MP: 4/4
  1488 | D:3      | Reached XP level 5. HP: 27/33 MP: 5/5
  2061 | D:4      | Reached XP level 6. HP: 22/39 MP: 6/6
  2689 | D:4      | Reached skill level 5 in Fighting
  2829 | D:4      | Found a shattered altar of Ashenzari.
  3031 | D:4      | Reached skill level 5 in Armour
  3031 | D:4      | Reached skill level 5 in Shields
  3031 | D:4      | Reached XP level 7. HP: 44/44 MP: 7/7
  3090 | D:5      | Entered Level 5 of the Dungeon
  3136 | D:5      | Noticed Eustachio
  3149 | D:5      | Killed Eustachio
  3474 | D:5      | Reached XP level 8. HP: 46/51 MP: 8/8
  3620 | D:5      | Found a transporter.
  3765 | D:5      | Found a transporter.
  3971 | D:6      | Found a glowing drain.
  3997 | Sewer    | Entered a sewer
  4090 | Sewer    | Found a white marble altar of Elyvilon.
  4305 | D:6      | Reached skill level 5 in Axes
  4352 | D:6      | You fall into a shaft and drop 1 floor!
  4408 | D:7      | Found a stormy altar of Qazlal.
  4410 | D:7      | Found a shadowy altar of Dithmenos.
  4586 | D:7      | Reached XP level 9. HP: 44/56 MP: 9/9
  4639 | D:7      | Found a staircase to the Ecumenical Temple.
  4655 | Temple   | Entered the Ecumenical Temple
  4686 | Temple   | Became a worshipper of Trog the Wrathful
  4707 | D:7      | Found a blossoming altar of Fedhas.
  4891 | D:7      | Found Kial's Assorted Antiques.
  5716 | D:8      | Noticed Prince Ribbit
  5845 | D:8      | Noticed Pikel
  5852 | D:8      | Reached * piety under Trog
  5857 | D:8      | Killed Pikel
  5857 | D:8      | Reached XP level 10. HP: 55/64 MP: 10/10
  5985 | D:8      | Found a white marble altar of Elyvilon.
  6057 | D:8      | Found an iron altar of Okawaru.
  6416 | D:8      | Killed Prince Ribbit
  6439 | D:8      | Found a glowing golden altar of the Shining One.
  6448 | D:8      | Found a shattered altar of Ashenzari.
  6789 | D:9      | Found an opulent altar of Gozag.
  6868 | D:9      | Reached ** piety under Trog
  6894 | D:9      | Found an ancient bone altar of Kikubaaqudgha.
  7375 | D:9      | Found a radiant altar of Vehumet.
  7379 | D:9      | Found an ornate altar of the Wu Jian Council.
  7406 | D:10     | Entered Level 10 of the Dungeon
  7452 | D:10     | Reached XP level 11. HP: 43/71 MP: 11/11
  7467 | D:10     | Found a staircase to the Lair.
  7649 | D:10     | Noticed a two-headed ogre
  7660 | D:10     | Killed a two-headed ogre
  7660 | D:10     | Reached skill level 10 in Fighting
  7660 | D:10     | Reached skill level 10 in Armour
  7660 | D:10     | Reached skill level 10 in Shields
  7778 | D:10     | Noticed Erica
  7789 | D:10     | Killed Erica
  7789 | D:10     | Reached *** piety under Trog
  8061 | D:10     | Noticed a two-headed ogre
  8070 | D:10     | Killed a two-headed ogre
  8285 | D:11     | Noticed a two-headed ogre
  8291 | D:11     | Killed a two-headed ogre
  8353 | D:11     | Noticed a cyclops
  8554 | D:11     | Killed a cyclops
  8554 | D:11     | Reached XP level 12. HP: 73/79 MP: 12/12
  8711 | D:11     | Reached **** piety under Trog
  8732 | D:11     | Noticed a two-headed ogre
  8738 | D:11     | Killed a two-headed ogre
  9052 | Lair:1   | Entered Level 1 of the Lair of Beasts
  9189 | Lair:1   | Noticed a catoblepas
  9190 | Lair:1   | Noticed a seven-headed hydra
  9204 | Lair:1   | Killed a catoblepas
  9215 | Lair:1   | HP: 2/80 [12-headed hydra (8)]
  9216 | Lair:1   | Killed a 12-headed hydra
  9633 | Lair:1   | Found a burning altar of Makhleb.
 10211 | Lair:2   | Noticed an eight-headed hydra
 10226 | Lair:2   | Killed a 15-headed hydra
 10226 | Lair:2   | Received a gift from Trog
 10454 | Lair:2   | Noticed a five-headed hydra
 10470 | Lair:2   | Killed a 16-headed hydra
 10470 | Lair:2   | Reached skill level 10 in Axes
 10774 | Lair:2   | Found a radiant altar of Vehumet.
 11390 | Lair:3   | Reached XP level 13. HP: 86/86 MP: 13/13
 11550 | Lair:3   | Found a hole to the Spider Nest.
 12241 | Lair:3   | Found a staircase to the Swamp.
 12458 | Lair:4   | You fall into a shaft and drop 1 floor!
 13056 | Lair:5   | Found an ornate altar of the Wu Jian Council.
 13515 | Lair:4   | Reached ***** piety under Trog
 13773 | Lair:4   | Received a gift from Trog
 14142 | Lair:4   | HP: 6/132 [meliai/divine providence (15)]
 14146 | Lair:4   | Killed from afar by a meliai

Levels and vault maps discovered:
D:1:      psy_arrival_spokes, layout_basic
D:2:      layout_basic, minmay_liquid_box
D:3:      layout_loops_ring, first_ration
D:4:      layout_basic, nicolae_ashenzari_panopticon
D:5:      gammafunk_cloud_chamber, layout_basic, minmay_crystal_room,
          uniq_eustachio
D:6:      layout_gridville, portal_sewer_entry_b, grunt_ministairs_1
D:7:      layout_basic, lemuel_round_altar, grunt_temple_overflow_open,
          minmay_temple_entry_waves, serial_shops, shop
D:8:      cheibrodos_elevator_heist, layout_basic, elyvilon_altar_3,
          amethyst_overflow_temple_binary, minmay_ruined_shrine, uniq_pikel,
          uniq_prince_ribbit1
D:9:      layout_roguey, grunt_gozag_breadcrumbs,
          nicolae_overflow_crystal_walls,
          chequers_temple_overflow_statue_of_worship
D:10:     layout_rooms, minmay_lair_entry_grove, uniq_erica
D:11:     layout_big_octagon, hangedman_pestilent_swarm, nrook_pool_corridor
Temple:   hc_temple_tempest_star
Lair:1:   layout_misc_corridors, basic_altar, serial_bayou_shore_a
Lair:2:   layout_cave_pods, basic_altar, eino_small_chamber_without_monster,
          infiniplex_staircase_pool
Lair:3:   layout_chaotic_city, palyth_hydra_swamp_entry,
          nicolae_spider_entry_non_spiders
Lair:4:   dpeg_oklob_gauntlet, layout_gridlike, special_room [special_room_bee],
          minmay_lair_oklob_chamber
Lair:5:   layout_cave_pods, nicolae_quartered_pool_little, lemuel_centaur_altar,
          infiniplex_staircase_pool_2

Skill      XL: |  1  2  3  4  5  6  7  8  9 10 11 12 13 |
---------------+----------------------------------------+-----
Axes           | 2 3 4 5 6 7 8 10 11 | 11.0
Fighting       | 4 5 6 8 9 10 12 13 | 13.0
Armour         | 4 5 6 8 9 10 12 13 | 13.0
Shields        | 4 5 6 8 9 10 12 13 | 13.0

Action                   |  1- 3 |  4- 6 |  7- 9 | 10-12 | 13-15 || total
-------------------------+-------+-------+-------+-------+-------++-------
Melee: War axe           |   142 |   215 |       |       |       ||   357
       Broad axe         |       |    23 |   323 |   551 |   340 ||  1237
Invok: Berserk           |       |       |       |     8 |     2 ||    10
       Brothers in Arms  |       |       |       |     1 |     1 ||     2
  Use: Scroll            |       |     7 |     9 |     9 |     4 ||    29
       Potion            |       |       |     1 |     1 |       ||     2
 Stab: Petrified         |       |       |       |     4 |       ||     4
       Petrifying        |       |       |       |     3 |       ||     3
  Eat: Chunk             |       |     7 |     7 |    23 |     7 ||    44
       Ration            |       |       |     1 |     1 |     1 ||     3
Armor: Scale mail        |    88 |    24 |       |       |       ||   112
       Chain mail        |       |   151 |   128 |       |       ||   279
       Plate armour      |       |       |    49 |   517 |   265 ||   831
Dodge: Dodged            |    65 |    64 |    77 |   152 |    70 ||   428
Block: Shield            |    97 |   164 |   286 |   452 |       ||   999
       Reflection        |       |       |       |    12 |    20 ||    32
       Large shield      |       |       |       |   275 |   509 ||   784
